 Seeded DCSS version 0.30-a0-965-g42e074c17a (webtiles) character file.

Game seed: 20230327 (custom seed)

1899 GigaChad the Cleaver (level 8, 0/73 HPs)
             Began as a Minotaur Fighter on Mar 30, 2023.
             Was an Initiate of Gozag.
             Killed from afar by an electric eel (3 damage)
             ... with a bolt of electricity
             ... on level 6 of the Dungeon on Mar 31, 2023.
             The game lasted 00:12:22 (4207 turns).

GigaChad the Cleaver (Minotaur Fighter)             Turns: 4207, Time: 00:12:23

Health: 0/73       AC: 28    Str: 24    XL:     8   Next: 93%
Magic:  7/7        EV:  8    Int:  5    God:    Gozag
Gold:   278        SH:  8    Dex:  9    Spells: 7/7 levels left

rFire   . . .      SeeInvis .    a - +0 war axe
rCold   . . .      Faith    .    c - +3 buckler
rNeg    . . .      Spirit   .    f - +18 Lear's hauberk
rPois   .          Reflect  .    (helmet currently unavailable)
rElec   .          Rampage  .    (no cloak)
rCorr   .                        (gloves currently unavailable)
Will    .....                    (boots currently unavailable) Stlth
                                 (no amulet)
HPRegen 0.32/turn                (no ring)
MPRegen 0.10/turn                (no ring)

@: gold aura
A: horns 2, retaliatory headbutt
a: Renounce Religion, Potion Petition, Call Merchant, Bribe Branch


You were on level 6 of the Dungeon.
You worshipped Gozag.
Gozag was aware of your devotion.
You visited 2 branches of the dungeon, and saw 7 of its levels.

You collected 336 gold pieces.
You paid 58 gold pieces to Gozag.

Inventory:

Hand Weapons
 a - a +0 war axe (weapon)
 h - the +5 flail of the Evening {spect, rF++}
   (You found it on level 6 of the Dungeon)

   rF:        It greatly protects you from fire.
Armour
 b - a +0 scale mail
 c - a +3 buckler (worn)
 f - the +18 Lear's hauberk (worn)
   (You found it on level 4 of the Dungeon)
Jewellery
 j - a ring of fire
Wands
 y - a wand of flame (6)
Scrolls
 k - 2 scrolls of immolation
 l - 2 scrolls of blinking
 p - a scroll of fog {unknown}
 q - 3 scrolls of magic mapping {unknown}
 r - 3 scrolls of poison {unknown}
 u - a scroll of torment {unknown}
 x - a scroll of enchant armour
 z - a scroll of fear {unknown}
Potions
 d - a potion of might
 e - 3 potions of curing
 g - a potion of invisibility {unknown}
 i - 2 potions of degeneration {unknown}
 m - a potion of flight {unknown}
 n - 3 potions of brilliance
 o - 2 potions of lignification {unknown}
 s - 2 potions of heal wounds
 t - a potion of berserk rage {unknown}
 w - a potion of ambrosia {unknown}
 A - 2 potions of attraction {unknown}


   Skills:
 * Level 7.3 Fighting
 + Level 9.2 Axes
 + Level 6.4 Armour
 - Level 1.2 Dodging
 - Level 0.9 Stealth
 * Level 7.2 Shields


You had 7 spell levels left.
You didn't know any spells.
Your spell library contained the following spells:

 Spells                   Type           Power      Damage    Failure   Level
 Sting                    Tmut/Pois      0%         1d3       99%         1
 Poisonous Vapours        Pois/Air       0%         N/A       99%         2
 Olgreb's Toxic Radiance  Pois           0%         N/A       100%        4
 Borgnjor's Revivificati  Necr           0%         N/A       100%        8
 Necromutation            Tmut/Necr      0%         N/A       100%        8
 Death's Door             Necr           0%         N/A       100%        9


Dungeon Overview and Level Annotations

Branches:
Dungeon (6/15)             Temple (1/1) D:5

Altars:
Cheibriados
Dithmenos
Elyvilon
Fedhas
Gozag
Makhleb
Qazlal
Ru
Sif Muna
Trog
Xom

Shops:
D:1 *=:*=


Innate Abilities, Weirdness & Mutations

You have a pair of horns on your head.
You reflexively headbutt those who attack you in melee.


Message History

The bolt of electricity hits you but does no damage.
The electric eel shoots out a bolt of lightning at you!
The bolt of electricity hits the plant!
The bolt of electricity hits you but does no damage.
The electric eel shoots out a bolt of lightning at you!
The bolt of electricity hits the plant!
The bolt of electricity hits you.
The electric eel shoots out a bolt of lightning at you!
The bolt of electricity misses you.
You enter the shallow water.
Moving in this stuff is going to be slow.
A nearby plant withers and dies.
The electric eel shoots out a bolt of lightning at you!
The bolt of electricity hits you.
The electric eel shoots out a bolt of lightning at you!
The bolt of electricity hits you.
The electric eel shoots out a bolt of lightning at you!
The bolt of electricity misses you.
The electric eel shoots out a bolt of lightning at you!
The bolt of electricity hits you!
The electric eel shoots out a bolt of lightning at you!
The bolt of electricity hits you.
The electric eel shoots out a bolt of lightning at you!
The bolt of electricity hits the electric eel.
The electric eel completely resists.
The bolt of electricity hits you!
* * * LOW HITPOINT WARNING * * *
The electric eel shoots out a bolt of lightning at you!
The bolt of electricity hits you!
* * * LOW HITPOINT WARNING * * *
You see here a +0 scimitar.
You are too injured to fight recklessly!
Unknown command.
You are too injured to fight recklessly!
You slice the electric eel!!
You kill the electric eel!
You now have 278 gold pieces (gained 9).
The electric eel shoots out a bolt of lightning at you!
The bolt of electricity hits the electric eel.
The electric eel completely resists.
The bolt of electricity hits you.
You die...
Your body crumbles into a pile of gold.

#~#...~~~≈≈#.#
#~#....~.~≈#.#
#.#'..~..≈≈#.#
#..#..~.)≈## #
##.##########
#~~##..~.$S## #
##~#...P..S≈#~#
#~#....~!~≈#.#
#.#'..~.@≈≈#
#..#...~?≈##
##.######## ###
$


You could see 2 electric eels.

Vanquished Creatures
  Pikel (D:4)
  Sigmund (D:5)
  Eustachio (D:4)
  Menkaure (D:5)
  Duvessa (D:4)
  A centaur (D:5)
  An ogre (D:4)
  A phantom (D:5)
  2 lemures (D:4)
  Blork the orc (D:5)
  2 scorpions
  Dowan (D:4)
  4 electric eels (D:6)
  A howler monkey (D:6)
  A hound (D:5)
  2 jellies (D:5)
  2 iguanas
  Natasha (D:4)
  A mummy (D:4)
  5 adders
  A white imp (D:5)
  A worm (D:2)
  2 dart slugs
  An orc (D:4)
  4 ball pythons
  6 bats
  4 endoplasms
  5 giant cockroaches
  9 goblins
  6 hobgoblins
  2 jackals (D:2)
  2 quokkas
  3 frilled lizards
  6 kobolds
  4 rats
87 creatures vanquished.

Vanquished Creatures (others)
  6 plants (D:6)
6 creatures vanquished.

Grand Total: 93 creatures vanquished

Notes
Turn   | Place    | Note
-------+----------+-------------------------------------------
     0 | D:1      | GigaChad the Minotaur Fighter began the quest for the Orb.
     0 | D:1      | Reached XP level 1. HP: 19/19 MP: 0/0
     4 | D:1      | Found Xoclunid's Book Emporium.
    30 | D:1      | Found Aqium's General Store.
   110 | D:1      | Found Wostryiz's General Store.
   169 | D:1      | Reached XP level 2. HP: 27/27 MP: 1/1
   212 | D:1      | Found a faded altar of an unknown god.
   283 | D:1      | Found Muif's Jewellery Shop.
   430 | D:1      | Reached skill level 3 in Axes
   543 | D:1      | Found Uvvotic's Jewellery Boutique.
   562 | D:1      | Reached XP level 3. HP: 28/33 MP: 2/2
   971 | D:2      | Found a white marble altar of Elyvilon.
  1781 | D:3      | Reached XP level 4. HP: 41/41 MP: 3/3
  2033 | D:4      | Found the +18 Lear's hauberk
  2066 | D:4      | Noticed Dowan
  2066 | D:4      | Noticed Duvessa
  2074 | D:4      | Killed Duvessa
  2075 | D:4      | Reached skill level 4 in Axes
  2075 | D:4      | Reached skill level 1 in Dodging
  2075 | D:4      | Reached XP level 5. HP: 43/47 MP: 4/4
  2079 | D:4      | Killed Dowan
  2141 | D:4      | Found a sand-covered staircase.
  2318 | D:4      | Noticed a lemure
  2318 | D:4      | Noticed a lemure
  2319 | D:4      | Found a stormy altar of Qazlal.
  2319 | D:4      | Noticed an air elemental
  2320 | D:4      | Noticed a water elemental
  2320 | D:4      | Noticed a fire elemental
  2320 | D:4      | Noticed Pikel
  2321 | D:4      | Noticed a lemure
  2324 | D:4      | Noticed a lemure
  2329 | D:4      | Killed a lemure
  2331 | D:4      | Killed a lemure
  2340 | D:4      | Killed Pikel
  2341 | D:4      | Reached skill level 5 in Fighting
  2341 | D:4      | Reached skill level 6 in Axes
  2341 | D:4      | Reached skill level 5 in Armour
  2341 | D:4      | Reached skill level 5 in Shields
  2341 | D:4      | Reached XP level 6. HP: 34/56 MP: 5/5
  2341 | D:4      | Reached XP level 7. HP: 37/61 MP: 6/6
  2482 | D:4      | Reached skill level 7 in Axes
  2627 | D:5      | Entered Level 5 of the Dungeon
  2664 | D:5      | Found a staircase to the Ecumenical Temple.
  2664 | D:5      | Noticed Menkaure
  2674 | Temple   | Entered the Ecumenical Temple
  3002 | Temple   | Became a worshipper of Gozag Ym Sagoz the Greedy
  3045 | D:5      | Reached XP level 8. HP: 36/70 MP: 7/7
  3046 | D:5      | Killed Menkaure
  3279 | D:5      | Found a shimmering altar of Xom.
  3279 | D:5      | Found a shimmering altar of Xom.
  3280 | D:5      | Found a shimmering altar of Xom.
  3327 | D:5      | Reached skill level 8 in Axes
  3447 | D:5      | Noticed Blork the orc
  3456 | D:5      | Killed Blork the orc
  3502 | D:5      | Noticed Sigmund
  3518 | D:5      | Killed Sigmund
  3703 | D:4      | Noticed Natasha
  3712 | D:4      | Killed Natasha
  3736 | D:4      | Noticed Eustachio
  3758 | D:4      | Killed Eustachio
  3759 | D:4      | Reached skill level 9 in Axes
  4178 | D:6      | Identified the +5 flail of the Evening {spect, rF++}
  4206 | D:6      | HP: 3/73 [electric eel/bolt of electricity (13)]
  4207 | D:6      | Killed from afar by an electric eel

Illustrated notes

Levels and vault maps discovered:
D:1:      doesnt_arrival_eight_statues, layout_basic, serial_shops,
          nicolae_shop_advertising_works [nicolae_subvault_shop_adworks], shop,
          nicolae_lakefront_shop, shop, shop,
          shapermc_ecumenical_altar_notcrosses
D:2:      minmay_spotlight, layout_basic, basic_altar
D:3:      layout_loops_cross, st_stairs_7
D:4:      layout_basic, nicolae_qazlal_style_of_elements,
          gup_ossuary_entry_pyramid, uniq_eustachio, uniq_natasha, uniq_pikel,
          uniq_duvessa
D:5:      layout_rooms, xom_redecorated, minmay_temple_entry_mini_moons,
          uniq_sigmund, uniq_menkaure, uniq_blork_the_orc
D:6:      cheibrodos_two_vegetables, layout_gridville
Temple:   oiseaux_autumnal_temple

Skill      XL: |  1  2  3  4  5  6  7  8 |
---------------+-------------------------+-----
Shields        | 4 5 6 7 |  7.2
Fighting       | 4 5 6 7 |  7.3
Axes           | 3 4 6 7 9 |  9.2
Armour         | 4 5 6 |  6.4
Dodging        | 1 |  1.2
Stealth        | |  0.9

Action                     |  1- 3 |  4- 6 |  7- 9 || total
---------------------------+-------+-------+-------++-------
  Melee: War axe           |    86 |    40 |   116 ||   242
         Headbutt          |    12 |     5 |    27 ||    44
    Use: Scroll            |       |     6 |     2 ||     8
 Armour: Scale mail        |    37 |     3 |       ||    40
         Chain mail        |       |    39 |    72 ||   111
  Dodge: Dodged            |    34 |    18 |    33 ||    85
  Block: Buckler           |    22 |    24 |    42 ||    88

Table legend: (Time is in decaauts)
 A = Elapsed time spent in this place.
 B = Non-inter-level travel time spent in this place.
 C = Inter-level travel time spent in this place.
 D = Time resting spent in this place.
 E = Time spent auto-exploring this place.
 F = Levels seen in this place.
 G = Mean time per level.
                   A        B        C        D        E       F      G
               +--------+--------+--------+--------+--------+-----+--------+
         Total |   4277 |   4147 |    130 |    605 |   2738 |   7 |  611.0 |
       Dungeon |   3911 |   3818 |     93 |    338 |   2738 |   6 |  651.8 |
        Temple |    365 |    328 |     37 |    267 |      0 |   1 |  365.0 |
               +--------+--------+--------+--------+--------+-----+--------+

Top non-repeatable levels by time:
     D:4: 921 daAuts
     D:1: 891 daAuts
     D:2: 611 daAuts
     D:5: 607 daAuts
     D:3: 565 daAuts
  Temple: 365 daAuts
     D:6: 315 daAuts
